 Dungeon Crawl Stone Soup version 0.29.1-12-g30fa7ad0bf (webtiles) character file.

Game seed: 9958191030097088353

8600 Gabide the Fighter (level 11, -9/93 HPs)
             Began as a Mummy Berserker on Dec 21, 2022.
             Was a Priest of Trog.
             Mangled by a komodo dragon (22 damage)
             ... on level 1 of the Lair of Beasts.
             The game lasted 00:13:39 (14034 turns).

Gabide the Fighter (Mummy Berserker)               Turns: 14034, Time: 00:13:40

Health: -9/93      AC:  8    Str: 31    XL:     11   Next: 12%
Magic:  11/11      EV: 15    Int:  7    God:    Trog [***...]
Gold:   1054       SH:  0    Dex: 17    Spells: 10/10 levels left

rFire   x . .      SeeInvis .     - Unarmed
rCold   + . .      Faith    .   (no shield)
rNeg    + + +      Spirit   .   d - +0 acid dragon scales
rPois   ∞          Reflect  .   m - +0 helmet
rElec   .          Harm     .   (no cloak)
rCorr   +          Rampage  .   k - +0 pair of gloves
Will    +....                   (no boots)
Stlth   +.........              (no amulet)
HPRegen 0.25/turn               b - +6 ring of strength
MPRegen 0.12/turn               s - +6 ring of dexterity

@: no status effects
A: cold resistance 1, negative energy resistance 3, torment resistance 2, heat
vulnerability 1, in touch with death 1, no potions
a: Renounce Religion, Trog's Hand


You were on level 1 of the Lair of Beasts.
You worshipped Trog.
Trog was most pleased with you.
You visited 2 branches of the dungeon, and saw 11 of its levels.
You also visited: Ossuary.

You collected 1054 gold pieces.

Inventory:

Missiles
 i - a curare-tipped dart (quivered)
Armour
 d - +0 acid dragon scales (worn)
 k - a +0 pair of gloves (worn)
 m - a +0 helmet (worn)
Jewellery
 b - a +6 ring of strength (left hand)
 h - a ring of fire
 j - a ring of fire
 s - a +6 ring of dexterity (right hand)
Wands
 n - a wand of flame (17)
 p - a wand of digging (1)
 r - a wand of acid (1)
Scrolls
 a - 4 scrolls of immolation
 c - 6 scrolls of teleportation
 e - a scroll of silence
 f - 2 scrolls of identify
 g - a scroll of poison
 l - 2 scrolls of vulnerability
 o - 4 scrolls of magic mapping


   Skills:
 * Level 11.4 Fighting
 - Level 1.5 Armour
 + Level 6.7 Dodging
 * Level 9.6 Unarmed Combat


You had 10 spell levels left.
You didn't know any spells.
Your spell library was empty.

Dungeon Overview and Level Annotations

Branches:
Dungeon (9/15)             Temple (0/1) D:5            Lair (2/5) D:8
    Orc (0/2) D:9         Ossuary (visited)
  Swamp: Lair:2-3    Shoals: Lair:2-3     Snake: Lair:2-3    Spider: Lair:2-3

Altars:
Makhleb
Okawaru
Uskayaw
Wu Jian

Shops:
D:5 (


Innate Abilities, Weirdness & Mutations

You are immune to poison.
Your flesh is cold resistant. (rC+)
You are immune to negative energy. (rN+++)
You are immune to unholy pain and torment.
You are vulnerable to heat. (rF-)
You are in touch with the powers of death.
You do not drink.


Message History

The komodo dragon bites you but does no damage.
You punch the komodo dragon!
The komodo dragon is heavily wounded.
The komodo dragon bites you!!
You are too injured to fight recklessly!
You are too injured to fight recklessly!
You are too injured to fight recklessly!
You are too injured to fight recklessly!
You are too injured to fight recklessly!
You are too injured to fight recklessly!
You are too injured to fight recklessly!
You are too injured to fight recklessly!
You are too injured to fight recklessly!
You are too injured to fight recklessly!
You are too injured to fight recklessly!
The komodo dragon bites you!
* * * LOW HITPOINT WARNING * * *
You climb upwards.
There is a stone staircase leading down here.
Throw: 2 darts (curare)
Press: ? - help, Q - select action, (/) - cycle Shift-Dir - straight line, f - komodo dragon
Aim: a komodo dragon (heavily wounded, 72% to hit)
You throw a curare-tipped dart.
The curare-tipped dart hits the komodo dragon.
The komodo dragon is poisoned.
The komodo dragon convulses.
The komodo dragon seems to slow down.
The komodo dragon is severely wounded.
You hit the komodo dragon but do no damage.
The komodo dragon is severely wounded.
The komodo dragon bites you but does no damage.
You hit the komodo dragon but do no damage.
The komodo dragon is almost dead.
You barely miss the komodo dragon. You punch the komodo dragon.
The komodo dragon is almost dead.
The komodo dragon bites you!
* * * LOW HITPOINT WARNING * * *
You closely miss the komodo dragon.
The komodo dragon is almost dead.
The komodo dragon bites you!!
You die...

...#...#..........##.#.#####..+..
.#.#..........................###
...P...#..######.#P.....>........
...P...#..# ####........######
...#####..# #........# #
..........# ##........# #
..........# #.........# #
..........#########......>.# #
P###.##.........@l.........# ##
## #####.##.##P####....!...#####.
# #.####### #.............. # #.#
#.............. # ##.#
#.....###+..##. # #..#
#.....#......#. ##.#
#.....)........ #.##
#.....#......#) #.P#
##.......P#...#.


You could see a komodo dragon (poisoned, slow).

Vanquished Creatures
  Sonja (Lair:1)
  3 black mambas
  Joseph (Lair:1)
  3 cane toads
  Psyche (D:8)
  2 komodo dragons (D:8)
  A hornet (D:8)
  Sigmund (D:3)
  2 wyverns (D:8)
  A steam dragon (D:5)
  2 water moccasins
  An acid dragon (D:8)
  4 ice beasts
  2 black bears
  2 orc warriors
  2 sky beasts
  6 wolves (Lair:1)
  A phantom (D:5)
  2 bullfrogs (D:8)
  4 necrophages
  5 scorpions
  11 wights
  5 killer bees (D:9)
  6 howler monkeys
  4 hounds
  3 jellies
  An orc priest (D:6)
  5 iguanas
  Natasha (thrice) (D:3)
  7 orc wizards
  8 mummies (Ossuary)
  9 adders
  2 white imps
  A worm (D:4)
  2 dart slugs
  23 orcs
  5 endoplasms
  4 giant cockroaches
  2 gnoll zombies (Ossuary)
  4 goblins
  11 hobgoblins
  3 jackals (D:2)
  3 quokkas
  7 ball pythons
  3 bats
  3 frilled lizards
  A hobgoblin zombie (Ossuary)
  3 kobolds
  A kobold zombie (Ossuary)
  4 orc zombies (Ossuary)
  2 rats
193 creatures vanquished.

Vanquished Creatures (others)
  3 fungi
  7 plants
10 creatures vanquished.

Grand Total: 203 creatures vanquished

Notes
Turn   | Place    | Note
-------+----------+-------------------------------------------
     0 | D:1      | Gabide the Mummy Berserker began the quest for the Orb.
     0 | D:1      | Reached XP level 1. HP: 18/18 MP: 1/1
   407 | D:1      | Reached XP level 2. HP: 24/24 MP: 2/2
  1224 | D:2      | Gained mutation: You are in touch with the powers of death.
                  | [Mummy growth]
  1224 | D:2      | Reached XP level 3. HP: 24/29 MP: 3/3
  1755 | D:2      | Reached ** piety under Trog
  2117 | D:3      | Noticed Sigmund
  2118 | D:3      | Noticed Natasha
  2132 | D:3      | Killed Sigmund
  2133 | D:3      | Reached skill level 4 in Fighting
  2133 | D:3      | Reached XP level 4. HP: 21/38 MP: 4/4
  2133 | D:3      | Reached XP level 5. HP: 23/43 MP: 5/5
  2141 | D:3      | Killed Natasha
  2376 | D:3      | Reached XP level 6. HP: 34/50 MP: 6/6
  2767 | D:3      | Noticed Natasha
  2769 | D:3      | Killed Natasha
  2990 | D:3      | Noticed Natasha
  2999 | D:3      | Killed Natasha
  3000 | D:3      | Reached skill level 5 in Fighting
  3346 | D:4      | Reached XP level 7. HP: 49/56 MP: 7/7
  3627 | D:4      | Reached *** piety under Trog
  3902 | D:4      | Reached skill level 6 in Fighting
  3902 | D:4      | Reached skill level 5 in Unarmed Combat
  4031 | D:5      | Entered Level 5 of the Dungeon
  4362 | D:5      | Found a staircase to the Ecumenical Temple.
  4397 | D:4      | Reached XP level 8. HP: 28/65 MP: 8/8
  4417 | D:4      | HP: 2/65 [something/magic dart (9)]
  5425 | D:5      | Found Xeduguh's Antique Weapon Emporium.
  5475 | D:5      | Reached skill level 7 in Fighting
  5494 | D:5      | Found an iron altar of Okawaru.
  5494 | D:5      | Found an ornate altar of the Wu Jian Council.
  5876 | D:6      | Found a sand-covered staircase.
  5881 | Ossuary  | Entered an ossuary
  6811 | D:6      | Reached skill level 8 in Fighting
  7020 | D:6      | Reached XP level 9. HP: 39/74 MP: 9/9
  8430 | D:7      | Reached skill level 5 in Dodging
  8757 | D:8      | Found a hide-covered altar of Uskayaw.
  8898 | D:8      | Noticed Psyche
  8905 | D:8      | Killed Psyche
  8906 | D:8      | Reached skill level 9 in Fighting
  8948 | D:8      | Reached **** piety under Trog
  9359 | D:8      | Noticed a komodo dragon
  9372 | D:8      | Killed a komodo dragon
  9401 | D:8      | Reached XP level 10. HP: 23/84 MP: 10/10
  9955 | D:8      | Found a staircase to the Lair.
 10107 | D:8      | Reached skill level 10 in Fighting
 10394 | D:8      | Identified the +2 chain mail "Qaicrag" {rElec rPois rN+
                  | Int-4}
 10627 | Lair:1   | Entered Level 1 of the Lair of Beasts
 10705 | Lair:1   | Noticed a black mamba
 10712 | Lair:1   | Noticed a cane toad
 10712 | Lair:1   | Noticed a cane toad
 11022 | D:9      | Found a staircase to the Orcish Mines.
 11217 | D:9      | Found a burning altar of Makhleb.
 12148 | Lair:1   | Noticed Sonja
 12152 | Lair:1   | Killed Sonja
 12157 | D:8      | Killed a black mamba
 12164 | D:8      | Killed a cane toad
 12335 | D:8      | Killed a cane toad
 12590 | Lair:1   | Noticed Joseph
 12604 | Lair:1   | Killed Joseph
 12605 | Lair:1   | Reached skill level 11 in Fighting
 13481 | Lair:2   | Noticed a black mamba
 13481 | Lair:2   | Noticed a black mamba
 13483 | Lair:2   | Noticed a black mamba
 13500 | Lair:1   | Killed a black mamba
 13501 | Lair:1   | Reached XP level 11. HP: 42/93 MP: 11/11
 14034 | Lair:1   | Mangled by a komodo dragon

Illustrated notes

Levels and vault maps discovered:
D:1:      minmay_arrival_checkered_box, layout_loops_ring,
          minmay_misc_feat_square, minivault_5
D:2:      layout_rooms
D:3:      layout_basic, uniq_sigmund, uniq_natasha
D:4:      layout_rooms
D:5:      layout_loops_cross, gammafunk_temple_overflow_pools, temple_doors_cd,
          serial_shops, shop, hangedman_decor_clover_reticule,
          minmay_fractal_squares_diagonal_5
D:6:      layout_basic, enter_ossuary_2
D:7:      layout_basic
D:8:      layout_basic, eat_drink_and_be_merry_uskayaw, erik_lair_dragon,
          uniq_psyche
D:9:      layout_basic, mainiacjoe_overflow_chevrons, orc_0_dummy
Lair:1:   layout_chaotic_city, uniq_sonja, uniq_joseph
Lair:2:   layout_hall_layers, minmay_snake_entry_six_corridors,
          beast_lair_carwin_4

Skill      XL: |  1  2  3  4  5  6  7  8  9 10 |
---------------+-------------------------------+-----
Dodging        | 2 3 4 5 6 |  6.7
Unarmed Combat | 3 4 5 6 8 9 |  9.6
Fighting       | 4 5 6 8 9 11 | 11.4
Armour         | |  1.5

Action                   |  1- 3 |  4- 6 |  7- 9 | 10-12 || total
-------------------------+-------+-------+-------+-------++-------
Melee: Unarmed           |   149 |    91 |   467 |   223 ||   930
       Punch             |     2 |     2 |    13 |    12 ||    29
Throw: Javelin           |     3 |    12 |    14 |     2 ||    31
       Dart              |       |       |       |     5 ||     5
Invok: Trog's Hand       |     1 |       |     4 |     4 ||     9
Evoke: Wand              |       |       |    10 |    12 ||    22
  Use: Scroll            |       |       |     8 |     4 ||    12
 Stab: Sleeping          |     2 |       |       |       ||     2
Armor: Animal skin       |     7 |       |       |       ||     7
       Ring mail         |    38 |    32 |   164 |     5 ||   239
       Acid dragon scale |       |       |       |    74 ||    74
Dodge: Dodged            |    87 |    40 |   227 |   159 ||   513
